cohdb
Replays
Latest Replays
All Replays
Popular Replays
Top Player Replays
Match Explorer
How It Works
Community
CoH3 Stats
Reddit
Sign in to upload your games and track your stats! →
Sign in with Steam
Match 44737101
Unlisted
Match 44737101
Overview
Messages
Build Orders
End
Pioneer Squad
Construct Infanterie Kompanie
Selects Terror Battlegroup
Selects Machine Gun Camouflage
MG 42 Machine Gun Team
Grenadier Squad
Grenadier Squad
Infanterie Officer Quarters
Grenadier Squad
Construct Panzergrenadier Kompanie
Support Elements
Panzergrenadier Squad
StuG III G Assault Gun
Selects Interrogate
Selects Propaganda Leaflet Drop
Panzergrenadier Officer Quarters
Side Skirts
Propaganda Leaflet Drop
MG 42 Machine Gun Team
Pioneer Squad
Nebelwerfer 42 Rocket Launcher Team
Selects V1 Rocket Strike
StuG III G Assault Gun
Selects No Quarter
Pioneer Squad
Construct Panzer Kompanie
Panzer IV Medium Tank
Panzer IV Medium Tank
MajikMouse
elfen
沐雨轻然
Penultimate Peacock
Chikage
Jeremy
JT
只出曲线
0
0
Comments
sign in to comment!
No comments posted yet!